 Dungeon Crawl Stone Soup version 0.24.0-125-gc4c63601f3 (console) character file.

Game seed: 4365797671013531718, levelgen mode: deterministic

958 robbje the Skirmisher (level 8, -5/48 HPs)
             Began as a Tengu Air Elementalist on Mar 8, 2020.
             Was an Initiate of Vehumet.
             Splashed by a gnoll's acid (14 damage)
             ... on level 6 of the Dungeon.
             The game lasted 00:20:16 (6893 turns).

robbje the Skirmisher (Tengu Air Elementalist)      Turns: 6893, Time: 00:20:16

Health: -5/48      AC: -3    Str: 10    XL:     8   Next: 14%
Magic:  9/15       EV: 16    Int: 16    God:    Vehumet [......]
Gold:   321        SH:  0    Dex: 15    Spells: 5/15 levels left

rFire    . . .     SeeInvis .   z - +1 falchion (elec)
rCold    . . .     Gourm    .   (no shield)
rNeg     . . .     Faith    .   j - +0 leather armour
rPois    .         Spirit   .   h - +1 hat
rElec    .         Reflect  .   (no cloak)
rCorr    .         Harm     .   q - +0 pair of gloves
MR       .....                  (boots unavailable)
Stlth    ++........             (no amulet)
HPRegen  0.16/turn              (no ring)
MPRegen  0.14/turn              (no ring)

@: corroded, flying quickly and evasively, quick
A: beak, talons 3, able to fly
a: Stop Flying, Renounce Religion


You were on level 6 of the Dungeon.
You worshipped Vehumet.
Vehumet was noncommittal.
You were not hungry.

You visited 2 branches of the dungeon, and saw 7 of its levels.

You collected 321 gold pieces.

Inventory:

Hand Weapons
 b - a +1 dagger of flaming
 s - a +1 hunting sling
 z - a +1 falchion of electrocution (weapon)
Missiles
 l - 53 sling bullets
 n - 4 poisoned darts (quivered)
 t - 32 stones
Armour
 h - a +1 hat (worn)
 j - a +0 leather armour (worn)
 q - a +0 pair of gloves (worn)
Jewellery
 p - an uncursed amulet of regeneration {unknown}
 w - an uncursed amulet of regeneration {unknown}
Wands
 i - a wand of enslavement (6)
 x - a wand of random effects (8)
Scrolls
 f - 3 scrolls of enchant weapon
 g - a scroll of teleportation
 o - 2 scrolls of enchant armour {unknown}
 r - 4 scrolls of remove curse
 y - a scroll of immolation {unknown}
Potions
 a - a potion of haste {unknown}
 d - 3 potions of curing
 e - 2 potions of might
 k - 2 potions of mutation {unknown}
 m - a potion of degeneration {unknown}
 v - a potion of ambrosia {unknown}
Comestibles
 c - 11 rations


   Skills:
 + Level 4.8 Fighting
 + Level 4.1 Dodging
 - Level 2.0 Stealth
 - Level 4.0 Spellcasting
 - Level 4.0 Conjurations
 + Level 2.4 Charms
 + Level 3.3 Necromancy
 - Level 4.0 Air Magic


You had 5 spell levels left.
You knew the following spells:

 Your Spells              Type           Power        Failure   Level  Hunger
a - Shock                 Conj/Air       ###.         4%          1    None
b - Swiftness             Chrm/Air       ##......     10%         2    ##.....
c - Airstrike             Air            ###.......   41%         4    ####...
d - Regeneration          Chrm/Necr      ##........   22%         3    ###....

Your spell library contained the following spells:

 Spells                   Type           Power        Failure   Level  Hunger
 Animate Skeleton         Necr           N/A          6%          1    None
 Pain                     Necr           ##..         6%          1    None
 Static Discharge         Conj/Air       ###.....     13%         3    ###....
 Vampiric Draining        Necr           ##........   17%         3    ###....
 Apportation              Tloc           #.....       22%         1    None
 Confusing Touch          Hex            #.....       22%         1    None
 Summon Small Mammal      Summ           #...         22%         1    None
 Animate Dead             Necr           N/A          50%         4    ####...
 Lightning Bolt           Conj/Air       ###.......   77%         5    ######.


Dungeon Overview and Level Annotations

Branches:
Dungeon (6/15)             Temple (1/1) D:4

Altars:
Ashenzari
Cheibriados
Dithmenos
Elyvilon
Fedhas
Gozag
Hepliaklqana
Makhleb
Okawaru
Qazlal
Ru
Sif Muna
Trog
Vehumet
Wu Jian
Yredelemnul
Zin
The Shining One

Annotations:
D:5 3 runed translucent doors, twino's ghost, novice MiBe


Innate Abilities, Weirdness & Mutations

You have a beak for a mouth.
You have claws for feet.
You can fly continuously.


Message History

The zap hits the gnoll.
You kill the gnoll!
Vehumet accepts your kill.
The zap hits the gnoll.
The gnoll is lightly wounded.
Casting: Shock (safe; 4% risk of failure)
Confirm with . or Enter, or press ? or * to list all spells.
Aiming: Shock (safe; 4% risk of failure)
Press: ? - help, Shift-Dir - straight line, f - gnoll
Aim: a gnoll, wielding a +0 flail and carrying a wand of acid (9) (lightly wounded)
The zap hits the gnoll.
The gnoll is heavily wounded.
The zap hits the gnoll but does no damage.
The gnoll is moderately wounded.
The gnoll zaps a wand.
The bolt of acid hits you! The acid corrodes you!
You are splashed with acid!
* * * LOW HITPOINT WARNING * * *
The gnoll zaps a wand.
The bolt of acid hits you!
* * * LOW HITPOINT WARNING * * *
The acid corrodes you!
You are splashed with acid!
You die...

. #### ... #..#
.....##### ###..##
.......<.###.....#
.....###....@###)##
... #.........g.# .
#.##.####.#g#
#.##)## g..
###.).### #.. .
#E#...#E# ..
...###...###.#
.............#
......._.....#
...............
...###...####.#


You could see 2 gnolls.

Vanquished Creatures
  Eustachio (D:5)
  A sky beast (D:5)
  An ice beast (D:6)
  An ogre (D:4)
  A centaur (D:5)
  2 crimson imps
  A bullfrog skeleton (D:5)
  2 orc wizards (D:4)
  2 worker ants (D:4)
  A hound skeleton (D:4)
  5 gnolls (D:6)
  A howler monkey skeleton (D:4)
  8 adders
  2 oozes (D:3)
  An adder skeleton (D:3)
  A worm (D:2)
  3 dart slugs
  5 leopard geckos
  13 orcs
  3 ball pythons
  5 giant cockroaches
  4 goblins
  10 hobgoblins
  7 jackals
  10 bats
  7 frilled lizards
  A jackal skeleton (D:5)
  2 kobolds
  A quokka skeleton (D:5)
  7 rats
109 creatures vanquished.

Notes
Turn   | Place    | Note
-------+----------+-------------------------------------------
     0 | D:1      | robbje the Tengu Air Elementalist began the quest for the
                  | Orb.
     0 | D:1      | Reached XP level 1. HP: 10/10 MP: 4/4
   418 | D:1      | Reached XP level 2. HP: 16/16 MP: 3/6
   539 | D:1      | Reached skill level 1 in Fighting
  1130 | D:2      | Reached XP level 3. HP: 14/20 MP: 3/7
  1355 | D:2      | Found a faded altar of an unknown god.
  2268 | D:2      | Reached XP level 4. HP: 26/26 MP: 4/9
  2309 | D:2      | Learned a level 2 spell: Swiftness
  2314 | D:2      | Learned a level 4 spell: Airstrike
  3082 | D:3      | Found a shimmering blue altar of Sif Muna.
  3974 | D:4      | Gained mutation: You can fly continuously. [Tengu growth]
  3974 | D:4      | Reached XP level 5. HP: 31/31 MP: 4/10
  4255 | D:4      | Noticed an ogre
  4395 | D:4      | Killed an ogre
  4395 | D:4      | Reached XP level 6. HP: 21/37 MP: 9/12
  4917 | D:4      | Learned a level 3 spell: Regeneration
  4940 | D:4      | Found an ornate altar of the Wu Jian Council.
  5061 | D:4      | Found a staircase to the Ecumenical Temple.
  5112 | Temple   | Entered the Ecumenical Temple
  5261 | Temple   | Became a worshipper of Vehumet
  5308 | D:5      | Entered Level 5 of the Dungeon
  5478 | D:4      | Reached skill level 1 in Necromancy
  5939 | D:5      | Reached skill level 1 in Charms
  5939 | D:5      | Reached XP level 7. HP: 24/43 MP: 10/14
  6096 | D:5      | Found a runed translucent gate.
  6096 | D:5      | Found a runed translucent gate.
  6096 | D:5      | Found a runed translucent gate.
  6096 | D:5      | Noticed twino's ghost (novice MiBe)
  6409 | D:5      | Noticed Eustachio
  6585 | D:5      | Killed Eustachio
  6721 | D:6      | Found a stormy altar of Qazlal.
  6723 | D:6      | Noticed a water elemental
  6724 | D:6      | Noticed a fire elemental
  6724 | D:6      | Noticed an air elemental
  6735 | D:6      | Reached XP level 8. HP: 48/48 MP: 8/15
  6893 | D:6      | Splashed by a gnoll's acid

Levels and vault maps discovered:
D:1:      grunt_arrival_crossed_arrows, layout_basic
D:2:      layout_basic, chequers_ecumenical_altar_grove
D:3:      layout_loops_ring, lemuel_blue_sif_altar, first_ration
D:4:      layout_rooms, lemuel_coloured_pillars_altar,
          minmay_temple_entry_antechambers, minmay_quadrilaterals
D:5:      layout_cave_pools, ebering_ghost_rock_garden, uniq_eustachio
D:6:      layout_rooms, nicolae_overflow_hidden_temple,
          nicolae_qazlal_style_of_elements
Temple:   eino_temple_rhombus

Skill      XL: |  1  2  3  4  5  6  7  8 |
---------------+-------------------------+-----
Conjurations   | 2 3 4 |  4.0
Fighting       | 1 2 3 4 |  4.8
Spellcasting   | 3 4 |  4.0
Necromancy     | 1 3 |  3.3
Dodging        | 3 4 |  4.1
Charms         | 1 2 |  2.4
Stealth        | |  2.0
Air Magic      | |  4.0

Action                   |  1- 3 |  4- 6 |  7- 9 || total
-------------------------+-------+-------+-------++-------
Melee: Short sword       |    15 |     8 |       ||    23
       Kick              |     2 |     9 |     3 ||    14
       Peck              |     2 |     4 |     1 ||     7
       Falchion          |       |     9 |     4 ||    13
Throw: Dart              |       |     6 |     7 ||    13
 Cast: Shock             |    66 |   147 |    46 ||   259
 Abil: Fly               |       |     1 |       ||     1
Evoke: Wand              |       |     2 |     4 ||     6
  Use: Scroll            |       |     6 |     1 ||     7
 Stab: Sleeping          |     1 |     1 |       ||     2
  Eat: Chunk             |     4 |    12 |     3 ||    19
Armor: Robe              |     3 |     3 |       ||     6
       Leather armour    |       |     9 |    10 ||    19
Dodge: Dodged            |    17 |    54 |    18 ||    89
       Rpst.: Falchion   |       |     9 |     6 ||    15
